 Dungeon Crawl Stone Soup version 0.19-a0-994-g3c636f0 (webtiles) character file.

378074 wvc the Slayer (level 21, 20/218 HPs)
             Began as a Minotaur Wanderer on July 13, 2016.
             Was the Champion of Lugonu.
             Quit the game on level 4 of the Abyss on July 17, 2016.
             The game lasted 02:05:55 (43362 turns).

wvc the Slayer (Minotaur Wanderer)                 Turns: 43362, Time: 02:05:56

Health: 20/218     AC: 22    Str: 24    XL:     21   Next: 49%
Magic:  29/29      EV: 19    Int:  7    God:    Lugonu [******]
Gold:   2507       SH: 26    Dex: 27    Spells: 2 memorised, 15 levels left

rFire  + . .     SeeInvis +     j - +9 demon whip (elec)
rCold  + + +     Gourm    .     K - +9 armour of the Dragon King {rPois rF+ rC+ MR+}
rNeg   . . .     Faith    .     T - +5 shield of Mitabb {rCorr Str+3}
rPois  +         Spirit   .     m - +1 hat {MR+}
rElec  .         Dismiss  .     z - +1 cloak {MR+}
rCorr  +         Reflect  +     h - +0 pair of gloves
SustAt .         Harm     .     d - +1 pair of boots
MR     ++++.                    p - +5 amulet of reflection
Stlth  ..........               I - ring of Uxzyofij {rC+ Dex+7 SInv Stlth+}
                                N - ring of Shadows {Umbra +Inv Stlth+}

@: corroded, non-regenerating, diseased, wreathed by umbra, incredibly resistant
to hostile enchantments, extremely unstealthy
A: retaliatory headbutt, claws 1, horns 2, talons 1, molten scales 1, agile 1,
blurry vision 1, cold resistance 1, deformed body, screaming 1, shaggy fur 1,
subdued magic 1
a: Depart the Abyss, Bend Space, Banish, Corrupt, Enter the Abyss, Brand Weapon
With Distortion, Renounce Religion, Evoke Invisibility
}: 3/15 runes: barnacled, slimy, gossamer


You were on level 4 of the Abyss.
You worshipped Lugonu.
Lugonu was exalted by your worship.
You were very full.

You visited 8 branches of the dungeon, and saw 42 of its levels.
You visited the Abyss 2 times.
You visited 1 bazaar.

You collected 5061 gold pieces.
You spent 2554 gold pieces at shops.

Inventory:

Hand Weapons
 j - a +9 demon whip of electrocution (weapon)
 o - the +8 whip "Snakebite" {curare, rPois}
   (You acquired it on level 6 of the Dungeon)

   It poisons the flesh of those it strikes.
   It protects you from poison.
Armour
 d - a +1 pair of boots (worn)
 h - a +0 pair of gloves (worn)
 m - a +1 hat of magic resistance (worn)
 z - a +1 cloak of magic resistance (worn)
 K - the +9 armour of the Dragon King (worn) {rPois rF+ rC+ MR+}
   (You found it on level 12 of the Dungeon)

   It protects you from fire.
   It protects you from cold.
   It protects you from poison.
   It affects your resistance to hostile enchantments.
 R - the +2 shield of Resistance {rF+ rC+ MR+}
   (You found it on level 12 of the Dungeon)

   It protects you from fire.
   It protects you from cold.
   It affects your resistance to hostile enchantments.
 T - the +5 shield of Mitabb (worn) {rCorr Str+3}
   (You bought it in a shop on level 2 of the Orcish Mines)

   It affects your strength (+3).
   It protects you from acid and corrosion.
Jewellery
 l - an uncursed ring of ice {unknown}
 p - a +5 amulet of reflection (around neck)
 I - the ring of Uxzyofij (right hand) {rC+ Dex+7 SInv Stlth+}
   (You found it on level 6 of the Lair of Beasts)

   [ring of see invisible]

   It affects your dexterity (+7).
   It protects you from cold.
   It lets you see invisible.
   It makes you more stealthy.
 N - the ring of Shadows (left hand) {Umbra +Inv Stlth+}
   (You bought it in a shop on level 2 of the Orcish Mines)

   [ring of stealth]

   It lets you turn invisible.
   It makes you more stealthy.
 X - an uncursed ring of resist corrosion
Wands
 E - a wand of teleportation (6/9)
 M - a wand of flame (20/48)
 V - a wand of disintegration (15/24)
Scrolls
 a - 6 scrolls of blinking
 b - a scroll of brand weapon
 e - 4 scrolls of magic mapping
 i - 2 scrolls of recharging
 q - 5 scrolls of enchant weapon
 s - 14 scrolls of remove curse
 x - 4 scrolls of fear
 F - 6 scrolls of fog
 G - 10 scrolls of immolation
 H - a scroll of silence
 J - 5 scrolls of enchant armour
 Q - 7 scrolls of teleportation
 U - 8 scrolls of identify
 Y - 3 scrolls of summoning
Potions
 c - a potion of resistance
 g - 6 potions of lignification
 k - a potion of agility
 n - 2 potions of haste
 r - 4 potions of brilliance
 t - 3 potions of berserk rage
 A - 6 potions of cancellation
 C - 14 potions of curing
 D - 2 potions of magic
 L - 7 potions of ambrosia
 P - 2 potions of heal wounds
 S - 3 potions of flight
 Z - 2 potions of invisibility
Miscellaneous
 v - a phial of floods
 w - a lamp of fire
 B - 2 phantom mirrors
Comestibles
 f - 17 bread rations
 u - 12 meat rations


   Skills:
 + Level 25.5 Fighting
   Level 1.2(9.7) Axes
 - Level 14.4 Maces & Flails
 + Level 17.5 Armour
 + Level 18.8 Dodging
 - Level 15.0 Shields
 - Level 1.3 Spellcasting
   Level 2.1 Ice Magic
 - Level 12.4 Invocations
 - Level 1.0 Evocations


You had 15 spell levels left.
You knew the following spells:

 Your Spells              Type           Power        Failure   Level  Hunger
a - Aura of Abjuration    Summ           #.........   100%        5    ######.
b - Repel Missiles        Chrm/Air       #.....       100%        2    ###....


Dungeon Overview and Level Annotations

Branches:
Dungeon (15/15)            Temple (0/1) D:5            Lair (6/6) D:9
 Shoals (4/4) Lair:2       Spider (4/4) Lair:4        Slime (5/5) Lair:5
    Orc (2/2) D:10            Elf (3/3) Orc:2        Vaults (0/5) D:14
 Depths (3/5) D:15

Altars:
Makhleb
Nemelex Xobeh
Okawaru
Xom
Beogh
Lugonu

Shops:
D:4 %   D:7 }   D:13 ?   D:14 ?   Orc:2 [=(*[   Elf:1 }   Shoals:2 %

Portals:
Hell: Lair:6 Depths:1 Depths:2 Depths:3
Abyss: Depths:2
Pandemonium: Depths:1 Depths:3

Annotations:
Spider:4 corrupted
Abyss:1 Louise


Innate Abilities, Weirdness & Mutations

You reflexively headbutt those who attack you in melee.
You have a pair of horns on your head.
You have sharp fingernails.
You have sharp toenails.
You are partially covered in molten scales. (AC +1)
You are agile. (Dex +2)
Scrolls take you a little longer to read.
Your flesh is cold resistant. (rC+)
Armour fits poorly on your strangely shaped body.
You occasionally shout uncontrollably at your foes.
You are covered in fur. (AC +1)
Your spells are a little easier to cast, but a little less powerful.


Message History

The smoke demon is heavily wounded.
You block the smoke demon's attack. x2
The smoke demon hits you but does no damage.
You closely miss the smoke demon. You headbutt the smoke demon.
The smoke demon is heavily wounded.
The large abomination misses you.
You whack the smoke demon! You headbutt the smoke demon.
The smoke demon is almost dead.
The smoke demon gestures at you. Something smites you!
* * * LOW HITPOINT WARNING * * *
You thrash the smoke demon!!
You kill the smoke demon!
You feel your intelligence returning.
The blink frog blinks!
You block the large abomination's attack.
The large abomination is engulfed in a cloud of scalding steam.
Found 48 gold pieces.
You see here a scroll of magic mapping.
Are you sure you want to abandon this character and quit the game? (Confirm with "yes".)

#. #.$.## .# #
..#.. #.### .#
....#.. .#.# .
##.#....... . .
#.#...#..#
#..###....#..#.#
#. #...#.
##.@....# .
....##.X#.#..# .
##.... #§###.# #
##.. #....#.4#.#
... #...
#....Fx.#.# ..#
##.
###.#.....#..
..# .. ...#
...x##. .#
.......##### #
#.. .. ... .#.
4..F#.# .#.


You could see an ancient zyme, a large abomination, an ice devil and a blink
frog.

Vanquished Creatures
  the Royal Jelly (Slime:5)
  Nikola (Spider:2)
  Jory (Depths:3)
  A lich (Depths:3)
  2 tentacled monstrosities (Abyss:3)
  Rupert (D:14)
  A titan (Depths:2)
  2 deep elf blademasters (Elf:3)
  22 acid blobs
  A deep elf master archer (Elf:3)
  A kraken (Shoals:3)
  A sphinx (Depths:2)
  Gastronok (Lair:1)
  Frances (Spider:2)
  2 tentacled starspawn (Abyss:3)
  A shadow dragon (Abyss:1)
  Agnes (Spider:2)
  A thorn hunter (Abyss:3)
  8 azure jellies
  The ghost of Tungsten the Severer, a journeyman HOAK of Lugonu (Spider:1)
  2 frost giants (Depths:2)
  3 deep elf sorcerers (Elf:3)
  4 ghost moths
  An orc warlord (Orc:2)
  An iron dragon (Depths:2)
  A cacodemon (Abyss:3)
  6 emperor scorpions
  5 deep elf elementalists
  5 stone giants
  2 very ugly things
  2 spriggan defenders (Depths:3)
  3 entropy weavers
  4 deep elf demonologists (Elf:3)
  A dire elephant (Lair:6)
  9 deep elf annihilators
  5 ettins
  3 spark wasps
  Snorg (Lair:4)
  Josephine (Spider:1)
  2 blizzard demons (Abyss:3)
  2 crystal guardians
  2 merfolk javelineers (Shoals:4)
  6 deep elf death magi (Elf:3)
  6 merfolk impalers
  3 fire dragons
  A yaktaur captain (Depths:2)
  5 great orbs of eyes
  A deep elf high priest (Elf:3)
  6 death oozes
  2 rakshasas
  4 vault guards (D:14)
  6 ice dragons
  7 hydras
  Erolcha (D:12)
  3 catoblepae
  3 merfolk avatars
  The ghost of tstbtto the Carver, a novice MiFi of Okawaru (D:10)
  2 merfolk aquamancers (Shoals:4)
  3 centaur warriors
  An ogre mage (D:14)
  4 deep troll shamans
  4 death yaks (Lair:6)
  3 tengu warriors
  3 deep troll earth magi
  29 dancing weapons
  3 thrashing horrors
  2 satyrs
  2 spriggan berserkers
  The ghost of 4thArraOfDagon the Summoner, a novice DgSu (D:14)
  2 orc high priests
  26 deep elf knights
  A hell knight (Depths:2)
  A sun demon (Lair:6)
  A shadow wraith (Abyss:2)
  A skeletal warrior (D:15)
  A wretched star (Abyss:3)
  10 deep trolls
  3 giant orange brains
  4 unseen horrors
  A flayed ghost (D:15)
  2 wizards
  Pikel (D:4)
  16 deep elf archers
  An orange crystal statue (D:12)
  6 hill giants
  14 harpies
  4 sea snakes (Shoals:1)
  6 orc knights
  A necromancer (D:15)
  12 manticores
  4 oklob plants (Lair:5)
  3 griffons
  11 orb spiders
  5 shining eyes
  31 ugly things
  26 wolf spiders
  6 orc sorcerers
  2 cyclopes
  3 moths of wrath
  11 fauns
  56 deep elf magi
  3 sixfirhies
  8 sirens
  5 black mambas (Lair:6)
  5 large abominations
  3 worldbinders
  A hornet (Spider:2)
  A spriggan zombie (D:15)
  A salamander (shapeshifter) (Depths:2)
  Joseph (Lair:1)
  Psyche (D:9)
  3 smoke demons
  2 torpor snails (Spider:2)
  A guardian serpent (shapeshifter) (Elf:1)
  2 water nymphs
  2 eyes of devastation
  5 orange demons
  4 rime drakes
  A gargoyle (D:15)
  A yaktaur zombie (D:15)
  11 spiny frogs
  6 yaktaurs
  A guardian mummy (D:15)
  2 tengu conjurers
  5 komodo dragons
  4 ancient zymes
  12 demonic crawlers
  8 ice devils
  A kobold demonologist (D:14)
  A red devil (Lair:6)
  2 hellwings
  15 merfolk
  5 trolls
  40 jumping spiders
  5 two-headed ogres
  A polar bear (Lair:4)
  A hornet zombie (D:14)
  A two-headed ogre (shapeshifter) (Elf:3)
  10 raiju
  49 slime creatures
  20 blink frogs
  Grinder (D:6)
  A blink frog (shapeshifter) (Elf:1)
  An ice dragon skeleton (D:15)
  4 snapping turtles
  A centaur simulacrum (D:14)
  6 water elementals
  74 redbacks
  A deep troll skeleton (D:15)
  8 wraiths
  3 ynoxinuls
  4 air elementals
  A vampire (Abyss:2)
  A spriggan (Depths:3)
  23 tarantellas
  4 fire elementals
  42 yaks
  Eustachio (D:4)
  A neqoxec (Abyss:1)
  4 basilisks
  4 chaos spawn
  10 hippogriffs
  5 small abominations
  2 golden eyes (Slime:1)
  2 hungry ghosts
  4 vampire mosquitoes (D:12)
  Menkaure (D:5)
  A warg (shapeshifter) (D:15)
  6 wargs
  Edmund (D:5)
  2 soldier ants
  A hell hound (Lair:6)
  A giant eyeball (shapeshifter) (Depths:3)
  7 porcupines
  37 orc warriors
  7 water moccasins
  A black bear (shapeshifter) (D:13)
  3 phantoms
  3 sky beasts
  4 wasps
  2 black bears
  8 eyes of draining
  A necrophage (D:10)
  12 ogres
  7 ice beasts
  8 wolves
  7 boggarts
  19 centaurs
  14 crocodiles
  A big kobold (D:12)
  14 giant frogs
  6 earth elementals
  20 killer bees
  5 scorpions
  3 howler monkeys
  A wight (D:6)
  An electric eel (Orc:1)
  4 crimson imps
  4 giant frog zombies
  3 jellies
  3 quasits
  4 starcursed masses (Abyss:1)
  3 centaur zombies
  8 hounds
  19 orc priests
  A gnoll shaman (D:8)
  An iron imp (Depths:1)
  Jessica (D:3)
  4 giant frog skeletons
  12 iguanas
  26 orc wizards
  9 worker ants
  17 sheep
  2 hound skeletons
  6 gnolls
  10 adders
  26 river rats
  4 shadow imps
  A white imp (Abyss:2)
  2 oozes
  2 adder zombies
  2 adder skeletons
  4 worms
  2 dart slugs
  11 giant geckos
  66 orcs
  A ball python (D:1)
  5 giant cockroaches
  4 hobgoblins
  7 jackals
  11 kobolds
  4 quokkas
  6 bats
  6 giant newts
  6 goblins
  8 rats
  A briar patch (Abyss:3)
  4 crawling corpses (Elf:3)
1482 creatures vanquished.

Vanquished Creatures (others)
  Mara (Spider:4)
  A deep elf master archer (Elf:3)
  The ghost of tstbtto the Minotaur Blade, a journeyman MiFi of Okawaru (Spider:3)
  A ghost moth (Spider:4)
  An emperor scorpion (Spider:4)
  A stone giant (Depths:1)
  A merfolk javelineer (Shoals:3)
  A centaur warrior (D:14)
  A satyr (Shoals:3)
  A deep elf knight (Elf:1)
  A deep elf archer (Elf:2)
  An ugly thing (Depths:3)
  3 orb spiders (Spider:4)
  A wolf spider (Spider:4)
  A faun (Shoals:1)
  A manticore (Shoals:1)
  3 yaktaurs
  A demonic crawler (Spider:4)
  3 jumping spiders (Spider:4)
  3 redbacks (Spider:4)
  4 tarantellas (Spider:4)
  An orc warrior (Orc:2)
  A slave (D:5)
  10 centaurs
  A hound zombie (D:5)
  A quokka (D:5)
  3 briar patches (Abyss:3)
  7 fungi
  14 plants
  15 starspawn tentacles
  78 starspawn tentacle segments (Spider:4)
  4 tentacles (Shoals:3)
  18 tentacle segments (Shoals:3)
185 creatures vanquished.

Grand Total: 1667 creatures vanquished

Notes
Turn   | Place    | Note
-------+----------+-------------------------------------------
     0 | D:1      | wvc the Minotaur Wanderer began the quest for the Orb.
     0 | D:1      | wvc set off with: a book of Minor Magic, Sif Muna's Compendium of Calling, a potion of curing, a +0 robe, a +0 club, a bread ration
     0 | D:1      | Reached XP level 1. HP: 18/18 MP: 1/1
    53 | D:1      | Identified Sif Muna's Compendium of Calling
    66 | D:1      | Reached skill level 1 in Dodging
    88 | D:1      | Reached XP level 2. HP: 18/25 MP: 3/3
    89 | D:1      | Reached skill level 1 in Maces & Flails
   286 | D:1      | Reached XP level 3. HP: 24/30 MP: 4/4
   801 | D:2      | Reached XP level 4. HP: 27/37 MP: 5/5
   933 | D:2      | Found a faded altar of an unknown god.
   941 | D:2      | Became a worshipper of Lugonu the Unformed
   941 | D:2      | Reached * piety under Lugonu
   941 | D:2      | Reached ** piety under Lugonu
  1640 | D:3      | Noticed Jessica
  1646 | D:3      | Killed Jessica
  1646 | D:3      | Reached XP level 5. HP: 33/42 MP: 6/6
  1794 | D:3      | Reached skill level 1 in Armour
  2119 | D:4      | Noticed a phantom
  2169 | D:4      | Noticed Eustachio
  2220 | D:4      | Reached *** piety under Lugonu
  2220 | D:4      | Reached XP level 6. HP: 36/50 MP: 7/7
  2313 | D:4      | Found Syppaic's Food Shop.
  2330 | D:4      | Reached skill level 5 in Maces & Flails
  2347 | D:4      | Killed Eustachio
  2447 | D:4      | Reached XP level 7. HP: 41/56 MP: 8/8
  2838 | D:5      | Entered Level 5 of the Dungeon
  2870 | D:5      | Noticed Pikel
  3092 | D:4      | Killed Pikel
  3092 | D:4      | Reached skill level 10 in Maces & Flails
  3092 | D:4      | Reached XP level 8. HP: 42/62 MP: 9/9
  3405 | D:5      | Noticed a hill giant
  3420 | D:5      | Killed a hill giant
  3671 | D:5      | Noticed Edmund
  3676 | D:5      | Killed Edmund
  3852 | D:5      | Reached XP level 9. HP: 66/68 MP: 10/10
  3979 | D:5      | Found a staircase to the Ecumenical Temple.
  4065 | D:5      | Noticed Menkaure
  4073 | D:5      | Killed Menkaure
  4400 | D:6      | Noticed Grinder
  4405 | D:6      | Paralysed by Grinder for 3 turns
  4416 | D:6      | Killed Grinder
  4463 | D:6      | Reached **** piety under Lugonu
  4466 | D:6      | Noticed a green ugly thing
  4483 | D:6      | Killed a green ugly thing
  4490 | D:6      | Gained mutation: You are clumsy. (Dex -2) [mutagenic meat]
  4493 | D:6      | Gained mutation: You are covered in fur. (AC +1) [mutagenic meat]
  4499 | D:6      | Gained mutation: You expend magic power (3 MP) to strengthen your wands. [mutagenic meat]
  4502 | D:6      | Gained mutation: You possess an exceptional clarity of mind. [mutagenic meat]
  4796 | D:6      | Identified a scroll of acquirement
  4905 | D:6      | Reached skill level 3 in Fighting
  5505 | D:7      | Found Duidexav's Gadget Boutique.
  5508 | D:7      | Bought a wand of teleportation (3/9) for 252 gold pieces
  5823 | D:7      | Reached skill level 4 in Fighting
  5845 | D:7      | Reached skill level 5 in Dodging
  6032 | D:7      | Reached XP level 10. HP: 79/79 MP: 11/11
  6342 | D:8      | Reached skill level 5 in Fighting
  6348 | D:8      | Reached ***** piety under Lugonu
  6671 | D:8      | Lost mutation: You expend magic power (3 MP) to strengthen your wands. [potion of mutation]
  6671 | D:8      | Gained mutation: You are weak. (Str -2) [potion of mutation]
  6672 | D:8      | Lost mutation: You are weak. (Str -2) [potion of mutation]
  6672 | D:8      | Gained mutation: You have sharp toenails. [potion of mutation]
  6672 | D:8      | Lost mutation: You are clumsy. (Dex -2) [potion of mutation]
  6700 | D:8      | Reached skill level 5 in Armour
  6771 | D:8      | Got a shimmering leather armour
  6782 | D:8      | Identified the +3 leather armour "Foho" {Slay+3} (You found it on level 8 of the Dungeon)
  6791 | D:8      | Found a sparkling altar of Nemelex Xobeh.
  6791 | D:8      | Found an iron altar of Okawaru.
  6944 | D:8      | Gained mutation: You are partially covered in molten scales. (AC +1) [potion of mutation]
  6944 | D:8      | Gained mutation: You are dopey. (Int -2) [potion of mutation]
  6944 | D:8      | Gained mutation: You are partially covered in slimy green scales. (AC +2) [potion of mutation]
  7219 | D:8      | Reached skill level 6 in Fighting
  7604 | D:9      | Noticed Psyche
  7614 | D:9      | Killed Psyche
  7887 | D:9      | Found a staircase to the Lair.
  7901 | D:9      | Noticed a spiny frog
  7909 | D:9      | Killed a spiny frog
  7912 | D:9      | Reached skill level 7 in Fighting
  8195 | D:9      | Reached XP level 11. HP: 90/94 MP: 12/12
  8251 | D:9      | Reached skill level 8 in Fighting
  8420 | Lair:1   | Entered Level 1 of the Lair of Beasts
  8607 | Lair:1   | Noticed a five-headed hydra
  8608 | Lair:1   | Noticed Joseph
  8624 | Lair:1   | Killed a five-headed hydra
  8754 | Lair:1   | Killed Joseph
  8966 | Lair:1   | Reached skill level 9 in Fighting
  9260 | Lair:1   | Noticed Gastronok
  9276 | Lair:1   | Killed Gastronok
  9276 | Lair:1   | Reached skill level 10 in Dodging
  9463 | Lair:1   | Goblin1989: Rkfccyfz gktnjxrf
  9463 | Lair:1   | Goblin1989: Классная плеточка
  9463 | Lair:1   | Upgraded the game from 0.19-a0-965-g50bf062 to 0.19-a0-975-gfff5315
  9594 | Lair:2   | Noticed a griffon
  9601 | Lair:2   | Killed a griffon
  9652 | Lair:2   | Noticed a seven-headed hydra
  9673 | Lair:2   | Killed a seven-headed hydra
  9673 | Lair:2   | Reached skill level 10 in Fighting
  9675 | Lair:2   | Reached ****** piety under Lugonu
  9684 | Lair:2   | Noticed a six-headed hydra
 10036 | Lair:2   | Killed a six-headed hydra
 10036 | Lair:2   | Reached XP level 12. HP: 44/107 MP: 13/13
 10292 | Lair:2   | Noticed a seven-headed hydra
 10302 | Lair:2   | Killed a seven-headed hydra
 10601 | Lair:2   | Reached skill level 11 in Fighting
 10704 | Lair:2   | Found a staircase to the Shoals.
 11826 | Lair:4   | Identified the Incunabulum of the Four Stars
 11840 | Lair:4   | Reached skill level 12 in Fighting
 11881 | Lair:4   | Noticed Snorg
 11892 | Lair:4   | Killed Snorg
 11894 | Lair:4   | Noticed a catoblepas
 11907 | Lair:4   | Killed a catoblepas
 12157 | Lair:4   | Found a hole to the Spider Nest.
 12166 | Lair:4   | Reached XP level 13. HP: 119/119 MP: 14/14
 12198 | Lair:4   | Identified the Incunabulum of Toxins and Shape Shifting
 12469 | Lair:5   | Found a shimmering altar of Xom.
 13112 | Lair:6   | Entered Level 6 of the Lair of Beasts
 13282 | Lair:6   | Reached skill level 13 in Fighting
 13487 | Lair:6   | wvc: опача
 13487 | Lair:6   | wvc: это как?
 13733 | Lair:6   | Noticed a dire elephant
 13757 | Lair:6   | Killed a dire elephant
 13977 | Lair:6   | Found a burning altar of Makhleb.
 13991 | Lair:6   | Reached skill level 15 in Dodging
 14349 | Lair:6   | Reached skill level 14 in Fighting
 14544 | Lair:6   | Goblin1989: ты про демонов?
 14552 | Lair:6   | Reached skill level 15 in Fighting
 14554 | Lair:6   | Goblin1989: это вариант лэйера
 14554 | Lair:6   | wvc: не, там фиолетовый глаз был
 14554 | Lair:6   | wvc: не помню чтобы он случайно встречался
 14840 | Lair:6   | Goblin1989: не помню как это называется
 14875 | Lair:6   | Learned a level 5 spell: Aura of Abjuration
 14931 | Lair:6   | Goblin1989: короче, монстры могут встречаться на 6 уровней реньше, чем должны появляться
 15075 | Lair:6   | Goblin1989: это типа пикантность в кроул вносит
 15075 | Lair:6   | wvc: out of depth
 15075 | Lair:6   | wvc: ood
 15075 | Lair:6   | wvc: но это не оно
 15075 | Lair:6   | wvc: в норме такие глаза только в слаймах и абиссе генерируются же
 15077 | Lair:6   | Goblin1989: а не из сламов?
 15155 | Lair:6   | Goblin1989: *слаймов
 15168 | Lair:6   | wvc: вход в слаймы этажом выше
 15168 | Lair:6   | wvc: только если глаз в шахту свалился, лол
 15183 | Lair:6   | Reached XP level 14. HP: 103/135 MP: 15/15
 15343 | Lair:6   | Found a gateway to Hell.
 15351 | Lair:6   | Got a crude lead ring
 15354 | Lair:6   | Identified the ring of Uxzyofij {rC+ Dex+7 SInv Stlth+} (You found it on level 6 of the Lair of Beasts)
 15683 | D:10     | Entered Level 10 of the Dungeon
 15820 | D:10     | Reached skill level 16 in Fighting
 15825 | D:10     | Found a staircase to the Orcish Mines.
 15941 | D:10     | Noticed tstbtto's ghost (novice MiFi)
 15962 | D:10     | Goblin1989: хм. Интересно, как он свалился, если он летает
 16120 | D:10     | Killed tstbtto's ghost
 16122 | D:10     | wvc: кравл же, не нетхак, тут на такие мелочи пофиг
 16186 | Orc:1    | Entered Level 1 of the Orcish Mines
 16235 | Orc:1    | Goblin1989: я в нетхак не играл. английский плохо знаю чтобы в такое играть
 16307 | Orc:1    | Found a roughly hewn altar of Beogh.
 16478 | Orc:1    | Reached skill level 17 in Fighting
 16695 | Orc:1    | Found a roughly hewn altar of Beogh.
 16796 | Orc:2    | Entered Level 2 of the Orcish Mines
 16810 | Orc:2    | Found Ysaqyij's Antique Armour Boutique.
 16829 | Orc:2    | Bought a fine shield for 161 gold pieces
 16834 | Orc:2    | Identified the +5 shield of Mitabb {rCorr Str+3} (You bought it in a shop on level 2 of the Orcish Mines)
 17031 | Orc:2    | wvc: да там тоже не тонны текста, как в АДОМе каком-нибудь
 17031 | Orc:2    | wvc: интересно, у меня ощущение, будто минотаврам и на лут больше везёт
 17065 | Orc:2    | Goblin1989: а мой демонспавн на 8369.3 уже до свампов 4 добрался... Хотя я не уверен что он выживет там.
 17068 | Orc:2    | Goblin1989: не, такого не должно быть
 17074 | Orc:2    | Noticed an orc warlord
 17085 | Orc:2    | Reached skill level 5 in Shields
 17105 | Orc:2    | Killed an orc warlord
 17462 | Orc:2    | Found a roughly hewn altar of Beogh.
 17550 | Orc:2    | Goblin1989: про абилки ты как-то забываешь. я бы ванлорда в абисс отправил
 17556 | Orc:2    | Found Guhinig's Jewellery Shoppe.
 17600 | Orc:2    | Goblin1989: тебя только и-за него и задомажили так сильно
 17600 | Orc:2    | wvc: вообще с Люси мало бегал
 17600 | Orc:2    | wvc: хорошие колечки
 17600 | Orc:2    | wvc: нижние два
 17600 | Orc:2    | Goblin1989: предпоследнее ничего так
 17671 | Orc:2    | Goblin1989: а последнее я бы не взял
 17694 | Orc:2    | Goblin1989: нет смысла
 17777 | Orc:2    | Found Sudghos's Antique Weapon Shoppe.
 17792 | Orc:2    | Found Wiablaj's Antique Armour Shoppe.
 17799 | Orc:2    | wvc: пора в плейт переодеваться?
 17799 | Orc:2    | Goblin1989: баклер?
 17799 | Orc:2    | wvc: не, у меня щит годный
 17799 | Orc:2    | Goblin1989: да хз
 17799 | Orc:2    | Goblin1989: оу, тогда да
 17819 | Orc:2    | Goblin1989: лезер это плохо для файтера
 17819 | Orc:2    | Bought the ring of Shadows {Umbra +Inv Stlth+} for 441 gold pieces
 17827 | Orc:2    | Goblin1989: проверь, может чего лежит путнее
 17837 | Orc:2    | wvc: я из-за слеинга взял
 17837 | Orc:2    | Bought a shiny plate armour for 736 gold pieces
 17847 | Orc:2    | Goblin1989: пормально
 17849 | Orc:2    | wvc: можно было троллячью ещё сделать
 17849 | Orc:2    | Goblin1989: лол
 17850 | Orc:2    | Goblin1989: не
 17850 | Orc:2    | Goblin1989: ну я сказал
 17850 | Orc:2    | Goblin1989: пормально
 17851 | Orc:2    | Goblin1989: по фрейду оговорочка-то
 17854 | Orc:2    | Goblin1989: *нормально
 18016 | Spider:1 | Entered Level 1 of the Spider Nest
 18065 | Spider:1 | Goblin1989: вообще у меня не было ни одного персонажа-файтера в легкой броне
 18069 | Spider:1 | Goblin1989: хотя не
 18076 | Spider:1 | wvc: ртутная норм
 18127 | Spider:1 | Goblin1989: был перекати-поле, но у него ринг мэйл неплохой такой был
 18132 | Spider:1 | Goblin1989: и рю
 18290 | Spider:1 | Noticed Tungsten's ghost (journeyman HOAK)
 18292 | Spider:1 | Goblin1989: то есть он стабал постоянно
 18312 | Spider:2 | Goblin1989: ой
 18316 | Spider:2 | Reached skill level 1 in Invocations
 18592 | Spider:2 | Goblin1989: майт есть?
 18592 | Spider:2 | Goblin1989: можно берсом попробовать
 18592 | Spider:2 | wvc: берсуем YOLO
 18629 | Spider:1 | Killed Tungsten's ghost
 18630 | Spider:1 | Goblin1989: вовремя убил
 18630 | Spider:1 | wvc: лолда
 18630 | Spider:1 | wvc: ровно
 18630 | Spider:1 | Goblin1989: лан, мне на обед пора. удачи!
 18630 | Spider:1 | wvc: пока-пока
 18684 | Spider:1 | Noticed Josephine
 18710 | Spider:1 | Killed Josephine
 18756 | Spider:1 | Reached skill level 5 in Invocations
 18760 | Spider:1 | Reached XP level 15. HP: 99/147 MP: 17/17
 19263 | Spider:2 | Noticed Agnes
 19274 | Spider:2 | Killed Agnes
 19324 | Spider:2 | Noticed Nikola
 19341 | Spider:2 | Killed Nikola
 19362 | Spider:2 | Noticed Frances
 19411 | Spider:2 | Killed Frances
 19846 | Spider:2 | Reached skill level 10 in Invocations
 20826 | Spider:3 | Noticed a ghost moth
 20851 | Spider:3 | Killed a ghost moth
 21091 | Spider:3 | Noticed Mara
 21178 | Spider:3 | Noticed tstbtto's ghost (journeyman MiFi)
 21184 | Spider:4 | Entered Level 4 of the Spider Nest
 21217 | Spider:3 | Noticed wvc's illusion
 21418 | Spider:3 | Noticed wvc's illusion
 21513 | Spider:4 | Reached XP level 16. HP: 154/155 MP: 24/24
 21574 | Spider:3 | Noticed wvc's illusion
 21638 | Spider:3 | Banished tstbtto's ghost
 21642 | Spider:3 | Noticed wvc's illusion
 21843 | Spider:3 | Noticed wvc's illusion
 21876 | Spider:4 | Reached skill level 10 in Shields
 21900 | Spider:4 | Noticed Louise
 21900 | Spider:4 | Cast into level 3 of the Abyss (Louise)
 21915 | Abyss:3  | Noticed a tentacled monstrosity
 21952 | Abyss:3  | Killed a tentacled monstrosity
 21969 | Spider:4 | Escaped the Abyss
 21995 | Spider:4 | Banished Louise
 22388 | Spider:3 | Noticed wvc's illusion
 22934 | Spider:4 | Noticed wvc's illusion
 22938 | Spider:4 | Corrupted Spider:4
 22940 | Spider:4 | Noticed a tentacled starspawn
 22943 | Spider:4 | Noticed a tentacled starspawn
 22945 | Spider:4 | Noticed a lich
 22955 | Spider:4 | Killed Mara
 23991 | Spider:4 | Got a gossamer rune of Zot
 24339 | Orc:2    | Found a staircase to the Elven Halls.
 24370 | Orc:2    | Found Ohacihim's General Store.
 24438 | Elf:1    | Entered Level 1 of the Elven Halls
 24704 | Elf:1    | Gained mutation: You are covered in thick fur. (AC +2) [potion of mutation]
 24704 | Elf:1    | Gained mutation: You are clumsy. (Dex -2) [potion of mutation]
 24704 | Elf:1    | Lost mutation: You are clumsy. (Dex -2) [potion of mutation]
 25039 | Elf:1    | Found Deducef's Gadget Shop.
 25112 | Elf:1    | Reached skill level 15 in Shields
 25526 | Elf:2    | Reached skill level 10 in Armour
 25592 | Elf:2    | Reached XP level 17. HP: 151/162 MP: 25/25
 25693 | Elf:2    | Got an agate-encrusted ring mail
 25694 | Elf:2    | Identified the +6 ring mail of Compassion {rF++ rC+} (You found it on level 2 of the Elven Halls)
 25747 | Elf:2    | Reached skill level 18 in Fighting
 25881 | Elf:2    | Found a runed gate.
 25881 | Elf:2    | Found a runed gate.
 25881 | Elf:2    | Found a runed gate.
 26673 | Elf:3    | Entered Level 3 of the Elven Halls
 26865 | Elf:3    | Noticed a deep elf master archer
 26872 | Elf:3    | Killed a deep elf master archer
 27124 | Elf:3    | Noticed a deep elf blademaster
 27138 | Elf:3    | Killed a deep elf blademaster
 27271 | Elf:3    | Reached skill level 19 in Fighting
 27646 | Elf:3    | Noticed a deep elf master archer
 27660 | Elf:3    | Killed a deep elf master archer
 27660 | Elf:3    | Reached XP level 18. HP: 137/176 MP: 21/26
 28449 | Elf:3    | Identified the Tome of the Escort and Transformation
 28457 | Elf:3    | Identified the Guide on Aid
 28463 | Elf:3    | Got a twitching zirconium amulet
 28540 | Elf:3    | Identified the amulet "Tick" {Inacc +Fly} (You found it on level 3 of the Elven Halls)
 28582 | Elf:3    | Identified Sif Muna's Almanac of Dusty Changing (You found it on level 3 of the Elven Halls)
 28590 | Elf:3    | Learned a level 2 spell: Repel Missiles
 28806 | Elf:3    | Upgraded the game from 0.19-a0-975-gfff5315 to 0.19-a0-994-g3c636f0
 29041 | D:11     | Gained mutation: Your muscles are strong. (Str +2) [potion of mutation]
 29041 | D:11     | Gained mutation: You are frail. (-10% HP) [potion of mutation]
 29418 | D:11     | Lost mutation: You are dopey. (Int -2) [potion of beneficial mutation]
 29847 | D:11     | Gained mutation: You are resistant to hostile enchantments. (MR+) [potion of mutation]
 30282 | D:12     | Found a runed door.
 30419 | D:12     | Gained mutation: You have a somewhat thin skeletal structure. (Dex +2, Stealth) [potion of beneficial mutation]
 30421 | D:12     | Identified the Handbook of Dusty Necromancy
 30453 | D:12     | Got a faintly humming ring mail
 30454 | D:12     | Identified the +1 ring mail of the Salamander {Dex+7} (You found it on level 12 of the Dungeon)
 30475 | D:12     | Identified the Catalogue of Conjuration
 30565 | D:12     | Noticed Erolcha
 30577 | D:12     | Killed Erolcha
 31049 | D:12     | Found an iron altar of Okawaru.
 31317 | D:13     | Reached skill level 20 in Fighting
 31399 | D:13     | Found Yngey's Magic Scroll Shoppe.
 31407 | D:13     | Bought a scroll of enchant armour for 105 gold pieces
 31407 | D:13     | Bought a scroll of immolation for 49 gold pieces
 31407 | D:13     | Bought a scroll of brand weapon for 280 gold pieces
 31407 | D:13     | Bought a scroll of immolation for 49 gold pieces
 31407 | D:13     | Bought a scroll of enchant weapon for 105 gold pieces
 32102 | D:14     | Noticed 4thArraOfDagon's ghost (novice DgSu)
 32122 | D:14     | Killed 4thArraOfDagon's ghost
 32304 | D:14     | Found Hasmeser's Magic Scroll Shop.
 32373 | D:14     | Lost mutation: Your muscles are strong. (Str +2) [mutagenic meat]
 32379 | D:14     | Gained mutation: Your magical capacity is low. (-10% MP) [mutagenic meat]
 32379 | D:14     | Lost mutation: You possess an exceptional clarity of mind. [potion of mutation]
 32380 | D:14     | Gained mutation: Your flesh is heat resistant. (rF+) [potion of mutation]
 32400 | D:14     | Bought a scroll of enchant weapon for 112 gold pieces
 32400 | D:14     | Lost mutation: You are frail. (-10% HP) [potion of mutation]
 32401 | D:14     | Lost mutation: Your magical capacity is low. (-10% MP) [potion of mutation]
 32401 | D:14     | Gained mutation: You are frail. (-10% HP) [potion of mutation]
 32402 | D:14     | Lost mutation: You are frail. (-10% HP) [potion of mutation]
 32402 | D:14     | Gained mutation: Your spells are a little easier to cast, but a little less powerful. [potion of mutation]
 32501 | D:14     | Found a gate to the Vaults.
 32758 | D:14     | Gained mutation: Your system is resistant to poisons. (rPois) [mutagenic meat]
 32761 | D:14     | Gained mutation: Your spells are easier to cast, but less powerful. [mutagenic meat]
 32764 | D:14     | Gained mutation: Your mind is acute. (Int +2) [mutagenic meat]
 32767 | D:14     | Lost mutation: Your mind is acute. (Int +2) [mutagenic meat]
 32770 | D:14     | Lost mutation: Your spells are easier to cast, but less powerful. [mutagenic meat]
 32910 | D:14     | Noticed Rupert
 32920 | D:14     | Killed Rupert
 33265 | D:15     | Entered Level 15 of the Dungeon
 33492 | D:15     | Gained mutation: You have very sharp teeth. [mutagenic meat]
 33498 | D:15     | Lost mutation: You are partially covered in slimy green scales. (AC +2) [mutagenic meat]
 33501 | D:15     | Gained mutation: You are weak. (Str -2) [mutagenic meat]
 33623 | D:15     | Found a staircase to the Depths.
 33648 | D:15     | Reached XP level 19. HP: 187/187 MP: 27/27
 34106 | Shoals:1 | Entered Level 1 of the Shoals
 34443 | Shoals:1 | Gained mutation: You are agile. (Dex +2) [potion of mutation]
 34443 | Shoals:1 | Lost mutation: You are weak. (Str -2) [potion of mutation]
 34443 | Shoals:1 | Gained mutation: You tend to lose your temper in combat. [potion of mutation]
 34967 | Shoals:2 | Reached skill level 21 in Fighting
 35010 | Shoals:2 | Found Xoppajyr's Food Emporium.
 35610 | Shoals:3 | Found a flickering gateway to a bazaar.
 35622 | Bazaar   | Entered a bazaar
 35675 | Bazaar   | Found Bonotzai's Gadget Boutique.
 35684 | Bazaar   | Found Oxamuf's Armour Shoppe.
 35702 | Bazaar   | Found Ustrar's Antique Armour Emporium.
 35765 | Bazaar   | Bought a +1 cloak of magic resistance for 264 gold pieces
 35999 | Shoals:4 | Entered Level 4 of the Shoals
 36072 | Shoals:4 | Got a barnacled rune of Zot
 36487 | Depths:1 | Entered Level 1 of the Depths
 36911 | Depths:1 | Lost mutation: You are agile. (Dex +2) [mutagenic meat]
 36920 | Depths:1 | Lost mutation: You have sharp toenails. [mutagenic meat]
 36923 | Depths:1 | Gained mutation: Your flesh is cold resistant. (rC+) [mutagenic meat]
 37254 | Depths:1 | Found a one-way gate leading to the halls of Pandemonium.
 37415 | Depths:2 | Reached skill level 22 in Fighting
 37709 | Depths:2 | Found a one-way gate to the infinite horrors of the Abyss.
 37933 | Depths:2 | Reached skill level 15 in Armour
 38296 | Depths:2 | Reached XP level 20. HP: 202/202 MP: 28/28
 38467 | Depths:2 | Gained mutation: You have a moderately thin skeletal structure. (Dex +4, Stealth+) [potion of mutation]
 38467 | Depths:2 | Gained mutation: Your muscles are strong. (Str +2) [potion of mutation]
 38467 | Depths:2 | Gained mutation: You regenerate slowly when monsters are visible. [potion of mutation]
 38520 | Depths:2 | Lost mutation: Your spells are a little easier to cast, but a little less powerful. [potion of cure mutation]
 38520 | Depths:2 | Lost mutation: You are covered in thick fur. (AC +2) [potion of cure mutation]
 38520 | Depths:2 | Lost mutation: Your system is resistant to poisons. (rPois) [potion of cure mutation]
 38520 | Depths:2 | Lost mutation: You are covered in fur. (AC +1) [potion of cure mutation]
 38520 | Depths:2 | Lost mutation: You tend to lose your temper in combat. [potion of cure mutation]
 38521 | Depths:2 | Lost mutation: You are resistant to hostile enchantments. (MR+) [potion of cure mutation]
 38521 | Depths:2 | Lost mutation: Your muscles are strong. (Str +2) [potion of cure mutation]
 38521 | Depths:2 | Lost mutation: You regenerate slowly when monsters are visible. [potion of cure mutation]
 38521 | Depths:2 | Lost mutation: Your flesh is heat resistant. (rF+) [potion of cure mutation]
 38521 | Depths:2 | Lost mutation: You have a moderately thin skeletal structure. (Dex +4, Stealth+) [potion of cure mutation]
 38521 | Depths:2 | Lost mutation: You have very sharp teeth. [potion of cure mutation]
 38539 | Depths:3 | Noticed Jory
 38967 | Depths:3 | Killed Jory
 39056 | Depths:3 | Gained mutation: You are agile. (Dex +2) [potion of mutation]
 39056 | Depths:3 | Gained mutation: Armour fits poorly on your strangely shaped body. [potion of mutation]
 39143 | Depths:3 | Gained mutation: You are resistant to electric shocks. (rElec) [mutagenic meat]
 39146 | Depths:3 | Gained mutation: You are covered in fur. (AC +1) [mutagenic meat]
 39149 | Depths:3 | Gained mutation: You are very agile. (Dex +4) [mutagenic meat]
 39152 | Depths:3 | Lost mutation: You have a somewhat thin skeletal structure. (Dex +2, Stealth) [mutagenic meat]
 39155 | Depths:3 | Gained mutation: Your flesh is heat resistant. (rF+) [mutagenic meat]
 39163 | Depths:3 | Reached skill level 23 in Fighting
 39802 | Depths:3 | Gained mutation: You have sharp fingernails. [mutagenic meat]
 39805 | Depths:3 | Gained mutation: You have sharp toenails. [mutagenic meat]
 39808 | Depths:3 | Lost mutation: Your flesh is heat resistant. (rF+) [mutagenic meat]
 39811 | Depths:3 | Gained mutation: Your spells are a little easier to cast, but a little less powerful. [mutagenic meat]
 40310 | Lair:5   | Found a staircase to the Slime Pits.
 40561 | Slime:1  | Entered Level 1 of the Pits of Slime
 41241 | Slime:4  | Reached skill level 24 in Fighting
 41484 | Slime:5  | Entered Level 5 of the Pits of Slime
 41524 | Slime:5  | Noticed the Royal Jelly
 41544 | Slime:5  | Killed the Royal Jelly
 41544 | Slime:5  | Reached XP level 21. HP: 165/215 MP: 24/29
 41658 | Slime:5  | Got a slimy rune of Zot
 41660 | Slime:5  | Identified Waragas's Collected Works on Displaced Weightlessness
 41709 | Slime:5  | Lost mutation: You are resistant to electric shocks. (rElec) [potion of mutation]
 41709 | Slime:5  | Lost mutation: Armour fits poorly on your strangely shaped body. [potion of mutation]
 41822 | Slime:5  | Gained mutation: Armour fits poorly on your strangely shaped body. [a shining eye]
 41823 | Slime:5  | Lost mutation: You are very agile. (Dex +4) [a shining eye]
 41826 | Slime:5  | Gained mutation: You occasionally shout uncontrollably at your foes. [a shining eye]
 41828 | Slime:5  | Gained mutation: Scrolls take you a little longer to read. [a shining eye]
 42171 | Abyss:1  | Paralysed by accursed screaming for 1 turns
 42274 | Abyss:1  | Reached skill level 25 in Fighting
 42467 | Abyss:2  | Found a snail-covered altar of Cheibriados.
 43252 | Abyss:3  | HP: 10/218 [thorn hunter (5)]
 43362 | Abyss:4  | Quit the game

Vault maps used:
D:1:      tarquinn_simple_flora_water_e
D:2:      first_bread, ecumenical_altar_1
D:3:      uniq_jessica
D:4:      serial_shops, nicolae_shop_competitors_out_of_business, uniq_eustachio
D:5:      uniq_edmund, uniq_menkaure, uniq_pikel
D:6:      kennysheep_spiral_hall, minmay_misc_feat_secret_circle,
          nrook_mini_vaults, uniq_grinder
D:7:      serial_shops, nicolae_shop_behind_doors
D:8:      gammafunk_temple_overflow_statue
D:9:      dpeg_lair_monsters, uniq_psyche
D:10:     minmay_orc_entry_guard_dogs, hangedman_fish_farm
D:12:     basic_altar, minmay_crystal_box, uniq_erolcha
D:13:     serial_shops, shop
D:14:     grunt_vaults_entry_fortified, serial_shops, nicolae_shop_stone,
          nrook_uturn, uniq_rupert
D:15:     gammafunk_depths_entry_grave, serial_park_square1,
          hangedman_decor_peaks_small, grunt_decor_arrowhead, spider_trap,
          stair_cage_line
Lair:1:   minivault_11, minivault_25, uniq_gastronok, uniq_joseph
Lair:2:   elwin_shoals_entry_stream, portal_ice_cave_demonic_guard,
          beast_lair_carwin_5, grunt_megastairs_2
Lair:4:   spider_nest_entry_funnel_web, uniq_snorg
Lair:5:   minmay_slime_entry_oklob_enclosed, basic_altar, serial_bayou_shore_b,
          serial_bayou_shore_b
Lair:6:   evil_forest, patterned_corridor
Shoals:1: nicolae_shoals_seven_spires
Shoals:2: serial_shops, shop
Shoals:3: serial_shops, bzr_firewalk
Shoals:4: shoals_end_grunt_garden, shoal_ilsuiw
Spider:1: guppyfry_spider_mini_2, uniq_josephine
Spider:2: uniq_agnes, uniq_nikola, uniq_frances
Spider:3: nicolae_spider_hall_of_the_moth_king, uniq_mara
Spider:4: grunt_spider_rune_circles, uniq_louise
Slime:1:  basic_altar, cheibrodos_slime_lost_civilization_4
Slime:4:  cheibrodos_slime_lost_civilization_7
Orc:1:    hangedman_feature_mirror, nicolae_orc_bridge_out, elves_outpost_lemuel
Orc:2:    grunt_orc_cross, serial_shops, shop_statue
Elf:1:    serial_shops, nicolae_shop_temple_entry_statues_fountains,
          hangedman_corner_corridor
Elf:3:    grunt_elf_hall_diamonds, st_stairs_14
Depths:1: hell_entry, grunt_pan_entry_zigzag, serial_co_window_serial,
          co_window_of_opportunity_a, co_window_of_opportunity_a,
          co_window_corner_a, co_window_paths_a, co_window_paths_a,
          co_window_corner_b, co_window_paths_c, co_window_of_opportunity_b,
          co_window_2corner, co_window_corner_b, co_window_paths_c,
          co_window_broadway_a, glass_columns_a, glass_columns_a
Depths:2: minmay_quantized_circle, abyss_entry, minmay_misc_feat_five,
          hell_entry, minmay_misc_feat_nine_boxes, item_on_display_a
Depths:3: kennysheep_blocky_hall, serial_shops, kennysheep_little_box,
          rand_demon_pan_entry_3, hell_entry, uniq_jory
Abyss:3:  due_evilmike_abyss_rune_seething_liches, evilmike_abyss_exit_7,
          nicolae_abyss_rune_star_stuff, evilmike_abyss_exit_mutagenic
Abyss:4:  evilmike_abyss_exit_glass, lemuel_flamethrower_2,
          evilmike_abyss_rune_ettins, minivault_25, minivault_22, minivault_28
Bazaar:   bazaar_jpeg_ninerooms_4

Skill      XL: |  1  2  3  4  5  6  7  8  9 10 11 12 13 14 15 16 17 18 19 20 21 |
---------------+----------------------------------------------------------------+-----
Dodging        | 1 2 3 5 7 11 13 15 17 18 | 18.8
Maces & Flails | 1 3 4 7 10 12 14 | 14.4
Armour         | 2 3 6 8 9 10 12 15 16 17 | 17.5
Fighting       | 4 7 10 12 15 17 19 20 22 24 25 | 25.5
Shields        | 8 9 15 | 15.0
Invocations    | 5 12 | 12.4
Axes           | |  1.2
Spellcasting   | |  1.3
Ice Magic      | |  2.1
Evocations     | |  1.0

Action                   |  1- 3 |  4- 6 |  7- 9 | 10-12 | 13-15 | 16-18 | 19-21 || total
-------------------------+-------+-------+-------+-------+-------+-------+-------++-------
Melee: Club              |    97 |     4 |       |       |       |       |       ||   101
       Headbutt          |    13 |    24 |    44 |   130 |   506 |   857 |   812 ||  2386
       Morningstar       |       |   116 |   135 |       |       |       |       ||   251
       Whip              |       |     9 |    94 |   630 |  1548 |  2250 |   818 ||  5349
       Unarmed           |       |       |     9 |       |       |       |       ||     9
       Bite              |       |       |       |       |       |    10 |   234 ||   244
       Demon whip        |       |       |       |       |       |       |  1079 ||  1079
Invok: Banish            |       |       |       |       |       |     8 |       ||     8
       Depart the Abyss  |       |       |       |       |       |     1 |       ||     1
       Corrupt           |       |       |       |       |       |     1 |       ||     1
       Enter the Abyss   |       |       |       |       |       |       |     1 ||     1
Evoke: Wand              |       |       |       |     5 |       |     2 |     6 ||    13
       Lamp of fire      |       |       |       |       |     1 |       |     1 ||     2
  Use: Scroll            |     5 |     2 |     9 |    10 |     9 |    18 |    18 ||    71
       Potion            |       |     2 |     2 |     3 |     3 |    11 |    14 ||    35
 Stab: Sleeping          |     1 |     1 |       |     1 |     3 |     2 |       ||     8
       Petrifying        |       |       |       |       |     1 |       |       ||     1
       Distracted        |       |       |       |       |     2 |     1 |       ||     3
  Eat: Fruit             |       |     3 |       |       |     4 |     4 |     4 ||    15
       Beef jerky        |       |     1 |       |       |     4 |     2 |     3 ||    10
       Meat ration       |       |     1 |     1 |     1 |       |     1 |     5 ||     9
       Chunk             |       |       |     8 |    11 |     7 |    17 |    26 ||    69
       Pizza             |       |       |       |     2 |       |     6 |     2 ||    10
       Royal jelly       |       |       |       |     2 |       |     1 |       ||     3
       Bread ration      |       |       |       |       |     3 |     5 |       ||     8
Armor: Robe              |    34 |       |       |       |       |       |       ||    34
       Chain mail        |       |    27 |       |       |       |       |       ||    27
       Ring mail         |       |    57 |    52 |       |       |    49 |       ||   158
       Skin              |       |       |     2 |       |       |       |       ||     2
       Scale mail        |       |       |    15 |    26 |       |       |       ||    41
       Leather armour    |       |       |       |    89 |    89 |       |       ||   178
       Plate armour      |       |       |       |       |   184 |   153 |       ||   337
       Gold dragon armou |       |       |       |       |       |    60 |   391 ||   451
Dodge: Dodged            |    67 |   158 |    85 |   235 |   578 |   464 |   607 ||  2194
Block: Other             |     4 |    54 |    31 |    81 |    83 |       |       ||   253
       Reflection        |       |       |     3 |     3 |    16 |   144 |   102 ||   268
       Shield            |       |       |       |       |   777 |  1518 |  1630 ||  3925
